 Dungeon Crawl Stone Soup version 0.28.0 (webtiles) character file.

Game seed: 13402411247771302892

343 wat the Ruffian (level 6, 0/61 HPs)
             Began as a Troll Fighter on Feb 10, 2022.
             Killed from afar by an orc wizard (10 damage)
             ... with a magic dart
             ... on level 4 of the Dungeon.
             The game lasted 00:03:23 (2711 turns).

wat the Ruffian (Troll Fighter)                     Turns: 2711, Time: 00:03:25

Health: 0/61       AC:  5    Str: 27    XL:     6   Next: 31%
Magic:  5/5        EV:  9    Int:  4    God:
Gold:   136        SH:  0    Dex:  9    Spells: 5/5 levels left

rFire   . . .      SeeInvis .     - Unarmed
rCold   . . .      Faith    .   b - +0 kite shield
rNeg    . . .      Spirit   .   a - +0 robe
rPois   .          Reflect  .   (helmet restricted)
rElec   .          Harm     .   d - +0 cloak
rCorr   .          Rampage  .   (gloves unavailable)
Will    .....                   (boots unavailable)
Stlth   +.........              f - amulet of the acrobat
HPRegen 1.00/turn               (no ring)
MPRegen 0.09/turn               (no ring)

@: confused, lethally poisoned (0 -> -4)
A: large, unfitting armour, claws 3, regeneration 1, shaggy fur 1, tough skin 1
a: no special abilities


You were on level 4 of the Dungeon.
You visited 1 branch of the dungeon, and saw 4 of its levels.

You collected 136 gold pieces.

Inventory:

Hand Weapons
 h - a +0 vorpal flail
Missiles
 i - 3 boomerangs (quivered)
Armour
 a - a +0 robe (worn)
 b - a +0 kite shield (worn)
 d - a +0 cloak (worn)
Jewellery
 f - an amulet of the acrobat (around neck)
Scrolls
 c - a scroll of teleportation {unknown}
 e - a scroll of enchant weapon {unknown}
 g - a scroll of identify {unknown}
 j - a scroll of vulnerability {unknown}
 k - a scroll of noise {unknown}


   Skills:
 + Level 3.6 Fighting
 + Level 3.5 Dodging
 + Level 3.6 Shields
 + Level 3.7 Unarmed Combat


You had 5 spell levels left.
You didn't know any spells.
Your spell library contained the following spells:

 Spells                   Type           Power      Damage    Failure   Level
 Sublimation of Blood     Necr           0%         N/A       90%         2
 Petrify                  Tmut/Erth      0%         N/A       100%        4
 Irradiate                Conj/Tmut      0%         3d13      100%        5


Dungeon Overview and Level Annotations

Branches:
Dungeon (4/15)
 Temple: D:4-7

Altars:


Innate Abilities, Weirdness & Mutations

You are too large for most types of armour.
You have claws for hands.
Your natural rate of healing is unusually fast.
You are covered in fur. (AC +1)
You have tough skin. (AC +1)


Message History

* * * LOW HITPOINT WARNING * * *
The orc barely misses you.
You are too injured to fight recklessly!
It was a potion of curing.
You feel better. Something hits you.
You are poisoned.
The orc hits you with a +0 flail!
* * * LOW HITPOINT WARNING * * *
It was a potion of ambrosia.
You are confused.
You feel invigorated.
You feel sick. Something hits you.
* * * LOW HITPOINT WARNING * * *
You are more poisoned.
The orc barely misses you.
You miss the orc.
You feel very sick.
You hear some strange, mumbled words.
You are more confused.
The orc closely misses you.
You bump into the rock wall.
You feel sick. Something hits you.
* * * LOW HITPOINT WARNING * * *
You are more poisoned.
The orc hits you with a +0 flail.
* * * LOW HITPOINT WARNING * * *
* * * LOW HITPOINT WARNING * * *
You feel very sick. Something misses you.
You bump into the rock wall.
You feel very sick.
You hear some strange, mumbled words.
A magic dart appears from out of thin air!
The magic dart hits you!
* * * LOW HITPOINT WARNING * * *
The orc barely misses you.
You bump into the rock wall.
You feel less invigorated.
You feel very sick. The orc closely misses you.
You hear some strange, mumbled words.
A magic dart appears from out of thin air!
The magic dart hits you!
You die...

#######..####....
#...# .##
########.#.## ..
...)........# .
............#
...>........#
.#.########.## #
#..# ##@## #{o#
##o# #r# #o# ...
..... .......
.....=...


You could see 3 orcs and a quokka.

Vanquished Creatures
  Sigmund (D:4)
  A centaur skeleton (D:4)
  An orc wizard (D:3)
  6 adders
  An ufetubus (D:3)
  An adder skeleton (D:4)
  4 worms
  16 orcs
  4 ball pythons
  3 bats
  5 endoplasms
  A giant cockroach (D:2)
  A goblin (D:1)
  7 kobolds
  A quokka (D:1)
  6 rats
59 creatures vanquished.

Notes
Turn   | Place    | Note
-------+----------+-------------------------------------------
     0 | D:1      | wat the Troll Fighter began the quest for the Orb.
     0 | D:1      | Reached XP level 1. HP: 22/22 MP: 0/0
    58 | D:1      | You fall into a shaft and drop 1 floor!
   157 | D:2      | Reached XP level 2. HP: 29/29 MP: 1/1
   417 | D:2      | Reached XP level 3. HP: 36/36 MP: 2/2
  1000 | D:2      | HP: 1/36 [orc (1)]
  1481 | D:3      | Reached XP level 4. HP: 31/44 MP: 3/3
  1974 | D:3      | Found a faded altar of an unknown god.
  2255 | D:4      | Noticed Sigmund
  2545 | D:4      | Killed Sigmund
  2546 | D:4      | Reached XP level 5. HP: 53/53 MP: 4/4
  2546 | D:4      | Reached XP level 6. HP: 61/61 MP: 5/5
  2711 | D:4      | Killed from afar by an orc wizard

Illustrated notes

Levels and vault maps discovered:
D:1:      lemuel_arrival_river_bridge, layout_rooms
D:2:      layout_basic, minmay_pentomino_pile
D:3:      layout_rooms, ebering_ecumenical_altar_mist
D:4:      layout_basic, minmay_increasing_density, uniq_sigmund

Skill      XL: |  1  2  3  4 |
---------------+-------------+-----
Shields        | 3 |  3.6
Fighting       | 3 |  3.6
Dodging        | 3 |  3.5
Unarmed Combat | 3 |  3.7

Action                   |  1- 3 |  4- 6 || total
-------------------------+-------+-------++-------
Melee: Unarmed           |    82 |   118 ||   200
  Use: Potion            |       |     3 ||     3
Armor: Robe              |    30 |    37 ||    67
Dodge: Dodged            |    21 |    73 ||    94
Block: Kite shield       |    29 |    40 ||    69
